[Event "1000GM Schev-C January 2024"]
[Site "Sunnyvale"]
[Date "2024.01.21"]
[Round "4.4"]
[White "Yang, Maxwell"]
[Black "Palmero Martinez, Rachel"]
[Result "0-1"]
[ECO "E71"]
[WhiteElo "1946"]
[BlackElo "2018"]
[Annotator "RC"]
[PlyCount "80"]
[EventDate "2024.01.20"]
[EventType "schev"]
[EventCountry "USA"]
[SourceTitle "playchess.com"]
[Source "ChessBase"]
[SourceQuality "1"]
[TimeControl "5400+30"]

1. d4 Nf6 2. c4 g6 3. Nc3 Bg7 4. e4 d6 5. h3 O-O 6. Be3 e5 7. d5 Nh5 8. g4 Nf4 9. Nge2 Bh6 10. Nxf4 Bxf4 11. Bxf4 exf4 12. Qd2 Qf6 13. O-O-O a5 14. Nb5 Na6 15. Qxa5 Bd7 16. f3 Bxb5 17. Qxb5 Nc5 18. a3 Ra6 19. Qb4 Rb6 20. Qc3 Qxc3+ 21. bxc3 Ra8 22. Bd3 Rxa3 23. Kd2 Rb2+ 24. Bc2 Raa2 25. Rc1 Nb3+ 26. Kd3 Nxc1+ 27. Rxc1 Kg7 28. Kd2 Kf6 29. h4 h6 30. Kd3 b6 31. Kd2 Kg7 32. Kd3 f6 33. Kd2 h5 34. gxh5 g5 35. hxg5 fxg5 36. Kd3 Kh6 37. Kd2 Kxh5 38. e5 Rxc2+ 39. Rxc2 Rxc2+ 40. Kxc2 dxe5 0-1

[Event "1000GM Schev-C January 2024"]
[Site "Sunnyvale"]
[Date "2024.01.21"]
[Round "4.5"]
[White "Winslow, Elliott"]
[Black "Zhuge, Katherine"]
[Result "1-0"]
[ECO "D55"]
[WhiteElo "1994"]
[BlackElo "1620"]
[Annotator "RC"]
[PlyCount "71"]
[EventDate "2024.01.20"]
[EventType "schev"]
[EventCountry "USA"]
[SourceTitle "playchess.com"]
[Source "ChessBase"]
[SourceQuality "1"]
[TimeControl "5400+30"]

1. d4 d5 2. c4 e6 3. Nf3 Be7 4. Nc3 Nf6 5. Bg5 h6 6. Bxf6 Bxf6 7. e3 O-O 8. Rc1 b6 9. Qb3 dxc4 10. Bxc4 Bb7 11. Be2 Nd7 12. O-O c5 13. Rfd1 Qe7 14. d5 exd5 15. Nxd5 Bxd5 16. Rxd5 Rad8 17. Rcd1 Ne5 18. Nxe5 Bxe5 19. Bc4 Rxd5 20. Rxd5 Rd8 21. Rxd8+ Qxd8 22. f4 Bf6 23. Bxf7+ Kh8 24. Kf2 Qd2+ 25. Kf3 Bxb2 26. Qb5 Qd1+ 27. Kg3 Qe1+ 28. Kg4 Qd1+ 29. Kf5 g6+ 30. Ke6 Qg4+ 31. Kd6 Ba3 32. Qe8+ Kg7 33. Be6 Qd1+ 34. Kc7 c4 35. Qf7+ Kh8 36. Qg8# 1-0

[Event "1000GM Schev-C January 2024"]
[Site "Sunnyvale"]
[Date "2024.01.22"]
[Round "5.1"]
[White "Pulijala, Akshaj"]
[Black "Vasquez Ramirez, Rocio"]
[Result "1-0"]
[ECO "C11"]
[WhiteElo "1597"]
[BlackElo "1999"]
[Annotator "TA"]
[PlyCount "79"]
[EventDate "2024.01.20"]
[EventType "schev"]
[EventCountry "USA"]
[SourceTitle "playchess.com"]
[Source "ChessBase"]
[SourceQuality "1"]
[TimeControl "5400+30"]

1. d4 e6 2. Nc3 Nf6 3. e4 d5 4. Qd3 a6 5. Nge2 Bb4 (5... dxe4 $11 6. Nxe4 Nc6) 6. e5 $14 Nfd7 7. Qg3 g6 8. Bh6 {[%emt 0:04:11] White is slightly better.} Be7 9. h4 c5 10. f4 (10. O-O-O $14) 10... Nc6 11. O-O-O b5 12. f5 b4 (12... gxf5 $15 13. Qg7 Rf8) 13. fxe6 (13. Na4 {keeps more tension.} gxf5 14. Qg7 Rf8 15. Nxc5 Nxc5 16. dxc5 Qc7 17. Qxh7 Qxe5 18. Bxf8 Kxf8 19. Kb1) 13... fxe6 14. Nb1 (14. Na4 $14) 14... Qb6 (14... Qa5 {seems wilder.} 15. Nf4 Nxd4 16. Rxd4 cxd4 17. Nxe6 Nc5) 15. dxc5 (15. h5 $14 Rg8 16. hxg6 hxg6 (16... Nxd4 $2 17. gxh7 Rxg3 18. h8=Q+ Nf8 19. Nxg3 $18) (16... Rxg6 17. Qh3 $16) 17. Be3) 15... Nxc5 {[%emt 0:00:10] [#] ...Ne4 would now be deadly.} 16. Nd2 Bd7 17. Be3 a5 18. h5 {[%emt 0:03:52] [#]} g5 {[%emt 0:00:13] ...h6 is the strong threat.} 19. Nd4 (19. Bxg5 $2 Rg8 20. Rh4 (20. Nf3 $2 Ne4 $19) 20... Bxg5 $19 (20... Rxg5 $2 21. Rg4 $19)) 19... h6 20. Be2 O-O-O (20... O-O $11) 21. Bg4 Nxd4 22. Bxd4 a4 23. c4 (23. Kb1 $14) 23... Qb7 $2 (23... bxc3 $1 $11 24. Qxc3 Rhf8) 24. Kb1 {[%emt 0:04:52] And now Qe3 would win.} Rhf8 $2 {[%emt 0:05:18] Black cannot hold the game after this.} (24... Bc6 $16) 25. Qe3 $18 Ne4 26. Nxe4 dxe4 27. g3 {[%emt 0:01:42] Prevents Rf4} b3 28. a3 Qc6 (28... Kb8 $142) 29. Bb6 Rde8 30. Rd2 {[%emt 0:01:58][%cal Bd1d2,Bd2e2,Be2e3][%mdl 32] Hoping for Rhd1.} Kb7 $2 (30... Kb8 {keeps fighting.} 31. c5 Qb7) 31. c5 {[%emt 0:02:24] Strongly threatening Rhd1.} (31. Rhd1 Bc8 $18) 31... Rf7 32. Rhd1 Bc8 (32... Bf8 $142 33. Bh3 Rc8) 33. Qc3 {[%emt 0:01:53] White threatens Qa5 and mate.} Kb8 34. Qb4 $2 (34. Qa5 Bf8 35. Ka1) 34... e3 35. Re2 {[%emt 0:01:40][%cal Og4h3] Threatens to win with Bh3!} Rf2 $2 (35... Ref8 36. Rxe3 Ba6) 36. Rxe3 Ref8 (36... Ba6 $142 37. Bxe6 g4 (37... Qxe6 $2 {loses.} 38. Qxa4 Qc4 39. Qxe8+ $18) 38. Bc7+ (38. Qxg4 Bxc5 39. Bxc5 Qxc5 $16) (38. Bxg4 Rg8 $18) 38... Ka7) 37. Bd8+ Bb7 38. Bxe7 Qg2 39. Bd6+ (39. Qxa4 $2 {leads to mate.} Rxb2+ 40. Ka1 Ra2+ 41. Kb1 Qc2#) 39... Ka7 40. Qb6+ {[%emt 0:00:36] Weighted Error Value: White=0.56/Black=0.86.  Loses game:     	---       	Black=1      Mistake:       	White=4     	Black=8      Inaccurate:     	White=7     	Black=3      OK:         	White=7     	Black=6      Best:        	White=2     	---        Brilliant:      	---       	Black=1} 1-0

[Event "1000GM Schev-C January 2024"]
[Site "Sunnyvale"]
[Date "2024.01.22"]
[Round "5.2"]
[White "Maass Garza R, Gustavo"]
[Black "Qi, Jenny"]
[Result "1/2-1/2"]
[ECO "A46"]
[WhiteElo "2025"]
[BlackElo "1605"]
[Annotator "TA"]
[PlyCount "55"]
[EventDate "2024.01.20"]
[EventType "schev"]
[EventCountry "USA"]
[SourceTitle "playchess.com"]
[Source "ChessBase"]
[SourceQuality "1"]
[TimeControl "5400+30"]

1. d4 Nf6 2. Nf3 e6 3. g3 d5 4. Bg2 b5 5. O-O c5 6. a4 b4 7. c3 a5 8. cxb4 {[%emt 0:00:50] The position is equal.} cxb4 9. Bf4 Be7 10. Ne5 O-O 11. Nd2 Bb7 12. Rc1 {[%emt 0:01:40] Dodges Nc6} Nh5 13. Be3 Nd7 14. Nc6 Bxc6 15. Rxc6 g6 (15... Rc8 $11 16. Rxc8 Qxc8) 16. Bh6 Ng7 17. e4 dxe4 18. Nxe4 Rc8 19. Qc2 {[%emt 0:02:46] White has more active pieces.} (19. Rxc8 $16 Qxc8 20. d5) 19... Rxc6 20. Qxc6 Nf6 21. Rd1 Qc8 22. Nxf6+ Bxf6 23. Qf3 Be7 24. Rc1 Qd7 25. Qf4 $132 {[%emt 0:04:36][%mdl 2048] Hoping for Qe5. White is not holding back} Rc8 $1 26. Rxc8+ Qxc8 27. Bxg7 Kxg7 28. d5 {[%emt 0:50:09] Weighted Error Value: White=0.16 (very precise) /Black=0.13 (very precise) .  Mistake:       	White=1     	Black=1      Inaccurate:     	White=3     	Black=3      OK:         	White=7     	Black=7      Strong:       	---       	Black=1} 1/2-1/2

[Event "1000GM Schev-C January 2024"]
[Site "Sunnyvale"]
[Date "2024.01.22"]
[Round "5.3"]
[White "Palmero Martinez, Rachel"]
[Black "Yuan, Serena"]
[Result "1/2-1/2"]
[ECO "B33"]
[WhiteElo "2018"]
[BlackElo "1771"]
[Annotator "TA"]
[PlyCount "104"]
[EventDate "2024.01.20"]
[EventType "schev"]
[EventCountry "USA"]
[SourceTitle "playchess.com"]
[Source "ChessBase"]
[SourceQuality "1"]
[TimeControl "5400+30"]

1. e4 c5 2. Nf3 Nc6 3. d4 cxd4 4. Nxd4 Nf6 5. Nc3 e5 6. Ndb5 d6 7. Bg5 a6 8. Na3 b5 9. Nd5 Be7 10. Bxf6 Bxf6 11. c4 b4 12. Nc2 O-O 13. h4 a5 14. g3 h6 15. Bg2 g6 16. Nxf6+ Qxf6 17. Qd2 h5 18. Rd1 Bg4 19. Rc1 (19. f3 $14 Be6 (19... Bxf3 $2 {loses.} 20. O-O $18) 20. Ne3) 19... Rfd8 (19... b3 $1 $15 20. axb3 Rfb8) 20. O-O $11 Qe7 21. b3 Qb7 22. Rfe1 ({White should try} 22. f3 $14 Bc8 23. f4) 22... a4 23. Qh6 Qe7 24. Ra1 Ra7 25. Qd2 Qb7 26. Kh2 (26. Qh6 $11 {keeps the balance.}) 26... Be6 ({Black should play} 26... Rda8 $17) 27. Bh3 Bxh3 28. Kxh3 Qb6 29. Kg2 Kg7 30. Red1 Qc5 31. Qe1 Qb6 32. Rd5 Ra5 33. Rad1 $1 axb3 34. axb3 Ne7 35. Rxa5 (35. Qxb4 Nxd5 36. Rxd5 Qxb4 37. Nxb4 Rxd5 38. Nxd5 Kf8 $11) 35... Qxa5 36. Qxb4 Qxb4 37. Nxb4 $16 {[%emt 0:00:00][%mdl 4096] Endgame. Strongly threatening c5. KRN-KRN} Rb8 38. Nd5 (38. Na6 $16 Rxb3 39. Rxd6) 38... Nxd5 $14 39. Rxd5 Rxb3 40. Rxd6 {[%emt 0:00:00] KR-KR} Rc3 41. Rc6 Kf8 {[%emt 0:01:02] [#]} 42. Rc7 (42. Rc5 $1 $16) 42... Kg7 $1 $11 43. Kf1 Rc2 {[%emt 0:00:12] [#]} (43... Kf6 $14) 44. c5 (44. Rc6 $1 $16) 44... Kf6 45. Ke1 Ke6 46. c6 Kf6 (46... Ra2 $14) 47. Rc8 (47. Kd1 $16 Rc5 48. Kd2) 47... Ke7 $14 48. Kf1 (48. c7 $16) 48... Kd6 $11 49. Rd8+ Ke7 (49... Ke6 $1 $11) 50. Rc8 (50. Rd7+ $14 Ke6 51. Rc7) 50... Kd6 51. Rd8+ Ke7 (51... Ke6 $11 {remains equal.}) 52. Rc8 (52. Rd7+ $16 Ke6 53. Rc7) 52... Kd6 {[%emt 0:00:39] Weighted Error Value: White=0.25 (precise) /Black=0.21 (precise) .  Mistake:       	White=10    	Black=6      Inaccurate:     	White=1     	Black=6      OK:         	White=8     	Black=11     Best:        	White=3     	Black=2      Strong:       	White=1     	Black=1} 1/2-1/2

[Event "1000GM Schev-C January 2024"]
[Site "Sunnyvale"]
[Date "2024.01.22"]
[Round "5.4"]
[White "Yang, Maxwell"]
[Black "Winslow, Elliott"]
[Result "0-1"]
[ECO "A61"]
[WhiteElo "1946"]
[BlackElo "1994"]
[Annotator "TA"]
[PlyCount "60"]
[EventDate "2024.01.20"]
[EventType "schev"]
[EventCountry "USA"]
[SourceTitle "playchess.com"]
[Source "ChessBase"]
[SourceQuality "1"]
[TimeControl "5400+30"]

1. d4 Nf6 2. c4 e6 3. Nc3 c5 4. d5 exd5 5. cxd5 d6 6. Nf3 g6 7. Nd2 Nbd7 8. e4 Bg7 9. f3 O-O 10. Nc4 {[%emt 0:00:18] The position is equal.} Nb6 11. Be3 Ne8 12. Qd2 Nxc4 13. Bxc4 f5 14. exf5 $2 {[%emt 0:02:22][%mdl 8192] White does not recover from this.} (14. O-O $11 {and White has nothing to worry.}) 14... Qh4+ $19 15. Bf2 Qxc4 16. fxg6 hxg6 17. O-O-O b5 {[%emt 1:20:17] [#] And now ...b4 would win.} 18. Kb1 (18. Qe2 $142) 18... Bf5+ 19. Ka1 b4 20. Ne2 b3 {[%emt 0:00:00] Hoping for ...Qa4.} 21. a3 Nc7 22. Nc3 Rab8 {[%emt 0:00:00] aiming for ...Bxc3.} 23. Qe2 Qxe2 24. Nxe2 Nb5 25. a4 {[%emt 0:00:19] [#]} Rb6 $1 {[%emt 0:00:00] ( -> ...Ra6)} 26. a5 (26. Rc1 Ra6) 26... Ra6 {[%emt 0:00:00][%cal Ra6a5] Black mates.} 27. Be1 Re8 28. g4 Rxe2 29. gxf5 Bxb2+ 30. Kb1 Na3# {[%emt 0:00:00] Weighted Error Value: White=1.21/Black=0.06 (flawless) .  Loses game:     	White=1     	---        Mistake:       	White=1     	---        Inaccurate:     	White=1     	---        OK:         	White=5     	Black=6      Best:        	---       	Black=1} 0-1

[Event "1000GM Schev-C January 2024"]
[Site "Sunnyvale"]
[Date "2024.01.22"]
[Round "5.5"]
[White "Zhuge, Katherine"]
[Black "Palao, Adriana"]
[Result "1/2-1/2"]
[ECO "C41"]
[WhiteElo "1620"]
[BlackElo "1978"]
[Annotator "RC"]
[PlyCount "136"]
[EventDate "2024.01.20"]
[EventType "schev"]
[EventCountry "USA"]
[SourceTitle "playchess.com"]
[Source "ChessBase"]
[SourceQuality "1"]
[TimeControl "5400+30"]

1. e4 e5 2. Nf3 d6 3. d4 Nd7 4. Nc3 c6 5. Bc4 Be7 6. O-O Ngf6 7. a4 O-O 8. b3 Qc7 9. Ba3 exd4 10. Nxd4 Nc5 11. Re1 Ng4 12. Be2 Nf6 13. Bf1 Bg4 14. f3 Be6 15. f4 Bg4 16. Nf3 Ne6 17. h3 Qb6+ 18. Kh1 Nxf4 19. hxg4 Nxg4 20. Qd4 Qxd4 21. Nxd4 Bf6 22. Rad1 Nf2+ 23. Kg1 Nxd1 24. Rxd1 Rfd8 25. Nce2 Nxe2+ 26. Bxe2 d5 27. exd5 cxd5 28. Nf5 d4 29. Be7 Re8 30. Bxf6 Rxe2 31. Bxg7 Rxc2 32. Bxd4 Rd8 33. Re1 h5 34. Bf6 Rdd2 35. Nh4 Re2 36. Rd1 Red2 37. Rxd2 Rxd2 38. b4 a5 39. bxa5 Rd3 40. Kf2 Rd5 41. Bc3 Rc5 42. Be1 Rc4 43. Nf3 Rxa4 44. Nd2 Rxa5 45. Ne4 Ra2+ 46. Kf3 b5 47. Nf6+ Kg7 48. Nxh5+ Kh6 49. Nf4 Ra4 50. Nd3 Ra3 51. Ke2 Kg5 52. Bd2+ Kf5 53. g4+ Ke4 54. Nb4 Rg3 55. g5 Rg2+ 56. Kd1 Kd4 57. Kc2 Kc4 58. Nc6 Re2 59. Na5+ Kd5 60. Kd1 Re4 61. Kc2 Ra4 62. Kb3 Rg4 63. Nb7 Ke6 64. Nd8+ Ke7 65. Nc6+ Kd6 66. Nd8 Ke7 67. Nc6+ Kd6 68. Nd8 Kd5 1/2-1/2